 Seeded DCSS version 0.30.1-4-g462c640d31 (webtiles) character file.

Game seed: 16738777312109589736 (custom seed)

326 Mune the Conjurer (level 6, -1/32 HPs)
             Began as a Deep Elf Fire Elementalist on Aug 21, 2023.
             Slain by Pikel
             ... wielding a +2 whip of freezing
              (4 damage)
             ... on level 4 of the Dungeon.
             The game lasted 00:07:00 (4601 turns).

Mune the Conjurer (Deep Elf Fire Elementalist)      Turns: 4601, Time: 00:07:01

Health: -1/32      AC:  3    Str:  5    XL:     6   Next: 24%
Magic:  14/22      EV: 13    Int: 22    God:
Gold:   221        SH:  0    Dex: 21    Spells: 4/11 levels left

rFire   . . .        j - +4 dagger
rCold   . . .        (no shield)
rNeg    . . .        a - +0 robe
rPois   .            (no helmet)
rElec   .            (no cloak)
rCorr   .            s - +0 pair of gloves
SInv    .            (no boots)
Will    .....        (no amulet)
Stlth   +++          m - +6 ring of dexterity
HPRegen 0.25/turn    n - ring of magical power
MPRegen 0.18/turn

%: no passive effects
@: about to teleport
A: no striking features
a: no special abilities


You were on level 4 of the Dungeon.
You visited 1 branch of the dungeon, and saw 4 of its levels.
You also visited: Sewer.

You collected 221 gold pieces.

Inventory:

Hand Weapons
 j - a +4 dagger (weapon)
Armour
 a - a +0 robe (worn)
 s - a +0 pair of gloves (worn)
Jewellery
 m - a +6 ring of dexterity (left hand)
 n - a ring of magical power (right hand)
Wands
 q - a wand of flame (35)
Scrolls
 c - 4 scrolls of fear
 e - 2 scrolls of vulnerability
 g - a scroll of teleportation
 h - 2 scrolls of summoning
 i - a scroll of blinking
 p - a scroll of poison
 r - a scroll of silence
Potions
 b - a potion of magic
 d - 3 potions of heal wounds
 f - a potion of mutation {unknown}
 l - 2 potions of degeneration {unknown}
 o - a potion of brilliance {unknown}
 t - a potion of invisibility {unknown}
 v - a potion of attraction {unknown}
 w - 2 potions of flight


   Skills:
 - Level 2.9 Dodging
 - Level 2.9 Stealth
 - Level 3.4 Spellcasting
 * Level 6.4 Conjurations
 - Level 3.5 Fire Magic


You had 4 spell levels left.
You knew the following spells:

 Your Spells              Type           Power      Damage    Failure   Level
a - Foxfire               Conj/Fire      100%       2x1d9     1%          1
b - Scorch                Fire           38%        2d7       4%          2
c - Flame Wave            Conj/Fire      25%        2d8       16%         4

Your spell library contained the following spells:

 Spells                   Type           Power      Damage    Failure   Level
 Kiss of Death            Conj/Necr      68%        2d10      3%          1
 Shock                    Conj/Air       68%        1d7       3%          1
 Inner Flame              Hex/Fire       11%        N/A       17%         3
 Volatile Blastmotes      Fire/Tloc      22%        2d11      17%         3
 Confusing Touch          Hex            3%         N/A       34%         3
 Swiftness                Air            3%         N/A       34%         3
 Vhi's Electric Charge    Tloc/Air       6%         N/A       34%         3
 Airstrike                Air            1%         2d(1-17)  75%         4
 Dispel Undead            Necr           3%         3d7       75%         4
 Summon Lightning Spire   Summ/Air       3%         N/A       75%         4
 Arcjolt                  Conj/Air       8%         1d18      65%         5
 Plasma Beam              Fire/Air       5%         2x1d17    100%        6
 Storm Form               Tmut/Air       1%         N/A       100%        7
 Maxwell's Capacitive Co  Air            1%         ∞         100%        8


Dungeon Overview and Level Annotations

Branches:
Dungeon (4/15)              Sewer (visited)
 Temple: D:4-7

Altars:
Ashenzari
The Shining One

Shops:
D:1 *

Annotations:
D:4 Pikel


Message History

The foxfire hits the lemure but does no damage.
The lemure is severely wounded.
The lemure hits you.
Casting: Scorch (safe; 4% risk of failure)
Confirm with . or Enter, or press ? or * to list all spells.
The spell is extremely dangerous to miscast (16% risk of failure)!
Continue anyway?
Casting: Flame Wave (extremely dangerous; 16% risk of failure)
Press: ? - help, Dir - look around, f - activate A wave of flame ripples out!
The flame wave engulfs the lemure but does no damage.
The lemure is severely wounded.
The flame wave engulfs Pikel!
Pikel is burned terribly!
Pikel is moderately wounded. (Press . to intensify the flame waves.)
You hear a shout! x3
Pikel hits you with a +2 whip of freezing!
Pikel freezes you. The lemure barely misses you.
As you read the scroll of fear, it crumbles to dust.
You assume a fearsome visage.
Pikel resists with some effort.
The lemure easily resists.
The lemure looks frightened! x3
Pikel hits you with a +2 whip of freezing.
* * * LOW HITPOINT WARNING * * *
Pikel freezes you.
* * * LOW HITPOINT WARNING * * *
Okay, then.
It was a potion of heal wounds.
You feel much better.
Pikel is no longer more vulnerable to fire.
Pikel hits you with a +2 whip of freezing.
Pikel freezes you.
As you read the scroll of teleportation, it crumbles to dust.
You feel strangely unstable.
Pikel hits you with a +2 whip of freezing!
Pikel freezes you.
An orc wizard comes into view. It is wielding a +0 dagger.
The orc wizard moves out of view.
Pikel attacks as you move away!
Pikel hits you with a +2 whip of freezing!
* * * LOW HITPOINT WARNING * * *
Pikel freezes you.
You die...

#####.....5..5.
............K..
......#.########
#.........(..#
#######.########.#
..5.....# #.#
#######5########.#
....
.......K......##.#
....
#.##.##@#####.##.#
..... ..
#.#####.##.###.##.
...
........†.....>...
#.
.........##...#.#..
.
..########...###.#..
... ......#.....#..
.##. .....#......#..
#. # .....#......#..
.... #......#..


You could see Pikel and a lemure.

Vanquished Creatures
  Ijyb (D:4)
  Jessica (D:2)
  An iguana (D:4)
  2 gnolls (D:4)
  10 river rats
  4 adders
  2 worms (Sewer)
  5 dart slugs
  2 orcs
  13 bats
  7 endoplasms
  6 giant cockroaches
  6 goblins
  4 hobgoblins
  4 jackals (Sewer)
  4 quokkas
  11 ball pythons
  8 frilled lizards
  4 rats
95 creatures vanquished.

Vanquished Creatures (others)
  509 foxfires
509 creatures vanquished.

Grand Total: 604 creatures vanquished

Notes
Turn   | Place    | Note
-------+----------+-------------------------------------------
     0 | D:1      | Mune the Deep Elf Fire Elementalist began the quest for the
                  | Orb.
     0 | D:1      | Reached XP level 1. HP: 10/10 MP: 6/6
   358 | D:1      | Found Liawk's General Store.
   419 | D:1      | Reached XP level 2. HP: 15/15 MP: 4/8
  1333 | D:2      | Reached skill level 2 in Conjurations
  1333 | D:2      | Reached XP level 3. HP: 15/19 MP: 9/9
  1748 | D:2      | Noticed Jessica
  1755 | D:2      | Killed Jessica
  1756 | D:2      | Reached skill level 3 in Conjurations
  1861 | D:2      | Found a broken altar of Ashenzari.
  1951 | D:2      | Reached XP level 4. HP: 24/24 MP: 11/11
  2371 | D:3      | Found a faded altar of an unknown god.
  2519 | D:3      | Found a glowing golden altar of the Shining One.
  2704 | D:4      | Noticed Ijyb
  2720 | D:4      | Killed Ijyb
  2721 | D:4      | Reached skill level 4 in Conjurations
  2858 | D:4      | Learned a level 2 spell: Scorch
  2863 | D:4      | Learned a level 4 spell: Flame Wave
  2879 | D:4      | Reached XP level 5. HP: 28/28 MP: 12/12
  2912 | D:4      | Reached skill level 5 in Conjurations
  2913 | D:4      | Found a glowing drain.
  3051 | Sewer    | Entered a sewer
  3602 | Sewer    | Reached skill level 6 in Conjurations
  3602 | Sewer    | Reached XP level 6. HP: 10/32 MP: 11/13
  4582 | D:4      | Noticed Pikel
  4601 | D:4      | Slain by Pikel

Illustrated notes

Levels and vault maps discovered:
D:1:      lemuel_arrival_broad_hall, layout_basic, serial_shops,
          nicolae_shop_crystal
D:2:      layout_basic, basic_altar, minmay_stone_trees_small, uniq_jessica
D:3:      layout_rooms, mainiacjoe_overflow_24_doors,
          dreamdust_ecumenical_altar_statues
D:4:      layout_basic, mainiacjoe_overflow_small_starburst, serial_rivers,
          chequers_serial_rivers_large_b, chequers_serial_rivers_micro_b,
          chequers_serial_rivers_micro_a, chequers_serial_rivers_micro_b,
          chequers_serial_rivers_micro_b, chequers_serial_rivers_small_3,
          portal_sewer_entry_a, serial_shops, shop, uniq_ijyb, uniq_pikel

Skill      XL: |  1  2  3  4  5 |
---------------+----------------+-----
Conjurations   | 2 3 4 6 |  6.4
Dodging        | |  2.9
Stealth        | |  2.9
Spellcasting   | |  3.4
Fire Magic     | |  3.5

Action                     |  1- 3 |  4- 6 || total
---------------------------+-------+-------++-------
  Melee: Dagger            |       |     3 ||     3
   Cast: Foxfire           |    86 |   215 ||   301
         Scorch            |       |     1 ||     1
         Flame Wave        |       |     1 ||     1
    Use: Potion            |       |     7 ||     7
         Scroll            |       |    11 ||    11
 Armour: Robe              |     4 |     8 ||    12
  Dodge: Dodged            |     4 |    21 ||    25
